 Dungeon Crawl Stone Soup version 0.28-a0-657-g71136c5590 (webtiles) character file.

Game seed: 15165835985020932694

3542 Dittersdorf the Fighter (level 10, -3/66 HPs)
             Began as a Gargoyle Fighter on Oct 13, 2021.
             Was an Elder of Okawaru.
             Collided with a rock wall (10 damage)
             ... caused by Erica
             ... on level 8 of the Dungeon.
             The game lasted 00:08:00 (8389 turns).

Dittersdorf the Fighter (Gargoyle Fighter)          Turns: 8389, Time: 00:08:01

Health: -3/66      AC: 27    Str: 23    XL:     10   Next: 9%
Magic:  10/10      EV:  6    Int:  9    God:    Okawaru [****..]
Gold:   359        SH:  8    Dex:  9    Spells: 9/9 levels left

rFire   . . .      SeeInvis .   a - +0 flail (vorpal)
rCold   . . .      Faith    .   u - +0 kite shield
rNeg    + . .      Spirit   .   i - +0 chain mail
rPois   ∞          Reflect  .   r - +1 helmet
rElec   +          Harm     .   e - +0 cloak
rCorr   .          Rampage  .   n - +0 pair of gloves
Will    +....                   (no boots)
Stlth   ..........              (no amulet)
HPRegen 0.21/turn               j - ring of willpower
MPRegen 0.12/turn               v - +4 ring of protection

@: no status effects
A: sickness immunity, AC +7, negative energy resistance 1, electricity
resistance, torment resistance 1, petrification resistance
a: Renounce Religion, Heroism, Finesse


You were on level 8 of the Dungeon.
You worshipped Okawaru.
Okawaru was greatly pleased with you.
You visited 2 branches of the dungeon, and saw 9 of its levels.

You collected 359 gold pieces.

Inventory:

Hand Weapons
 a - a +0 vorpal flail (weapon)
Missiles
 m - a curare-tipped dart
 p - 4 throwing nets (quivered)
Armour
 e - a +0 cloak (worn)
 i - a +0 chain mail (worn)
 n - a +0 pair of gloves (worn)
 r - a +1 helmet (worn)
 u - a +0 kite shield (worn)
Jewellery
 j - a ring of willpower (left hand)
 l - a ring of positive energy
 v - a +4 ring of protection (right hand)
Wands
 g - a wand of flame (13)
Scrolls
 h - a scroll of blinking
 k - a scroll of magic mapping
 o - a scroll of enchant weapon
 t - a scroll of identify
Potions
 b - a potion of ambrosia
 c - a potion of flight {unknown}
 d - 4 potions of might
 f - a potion of magic
 q - a potion of curing
 s - a potion of cancellation
 w - a potion of brilliance {unknown}


   Skills:
 + Level 9.3 Fighting
 + Level 8.1 Maces & Flails
 + Level 9.3 Armour
 + Level 5.1 Shields


You had 9 spell levels left.
You didn't know any spells.
Your spell library contained the following spells:

 Spells                   Type           Power      Damage    Failure   Level
 Ensorcelled Hibernation  Hex/Ice        0%         N/A       100%        2
 Conjure Flame            Conj/Fire      0%         6-21      100%        3
 Fireball                 Conj/Fire      0%         3d3       100%        5
 Silence                  Hex/Air        0%         N/A       100%        5
 Tukima's Dance           Hex            Unusable   N/A       N/A         3
 Summon Mana Viper        Hex/Summ       Unusable   N/A       N/A         5

Dungeon Overview and Level Annotations

Branches:
Dungeon (8/15)             Temple (1/1) D:4
   Lair: D:8-11

Altars:
Ashenzari
Dithmenos
Fedhas
Hepliaklqana
Kikubaaqudgha
Makhleb
Okawaru
Wu Jian
Zin

Shops:
D:6 *

Annotations:
D:2 1 runed translucent door, Crazy Yiuf
D:8 Erica


Innate Abilities, Weirdness & Mutations

You are immune to sickness and miasma.
Your stone body is resilient. (AC +7)
You are immune to poison.
You resist negative energy. (rN+)
You are resistant to electric shocks. (rElec)
You are resistant to unholy torment.
You are immune to petrification.


Message History

You are too injured to fight recklessly!
You are too injured to fight recklessly!
You are too injured to fight recklessly!
You hit the wight.
You destroy the wight!
Okawaru accepts your kill. You block something's attack.
You hit something. Something completely misses you.
Something hits you but does no damage.
You closely miss something.
You hear some strange, mumbled words.
Something tries to affect you, but you resist.
You miss something. Something hits you!
* * * LOW HITPOINT WARNING * * *
Something burns you.
* * * LOW HITPOINT WARNING * * *
Your chain mail prevents you from hitting something.
Something hits you but does no damage.
You hit something but do no damage. Something hits you.
* * * LOW HITPOINT WARNING * * *
Something burns you.
* * * LOW HITPOINT WARNING * * *
You closely miss something. You block something's attack. Something hits you.
* * * LOW HITPOINT WARNING * * *
Something burns you.
* * * LOW HITPOINT WARNING * * *
You hit something. Something hits you but does no damage.
You feel better. Something hits you but does no damage.
You feel better. Something hits you!
* * * LOW HITPOINT WARNING * * *
Something burns you.
* * * LOW HITPOINT WARNING * * *
You feel better.
You hear some strange, mumbled words.
A lance of force appears from out of thin air!
The lance of force hits you!
* * * LOW HITPOINT WARNING * * *
You are knocked back by the lance of force.
You slam into the rock wall!
You die...

#. #+#......##. .#..
####.#......##. ...
..##.#......##. #..
#.##.#......'.< #./
#.##.#......##.
#..###.##.#.###'####
###..$....)...........
#....{)...........####
#...>@......#######
#.##)#####^## ...
..... #.#. ###.###
...#. #.# #.# #. #.#
#. #. ... # ##


There were no monsters in sight!

Vanquished Creatures
  Harold (D:7)
  Joseph (D:7)
  3 water moccasins
  A black bear (D:6)
  An ice beast (D:8)
  2 sky beasts
  2 ogres
  4 phantoms
  A kobold brigand (D:6)
  2 wyvern zombies
  A gnoll sergeant (D:7)
  3 water moccasin zombies
  8 wights
  2 jellies
  3 orc priests (D:6)
  A bullfrog skeleton (D:5)
  3 hounds
  3 iguanas (D:4)
  Terence (D:2)
  3 orc wizards
  Ijyb (D:5)
  A killer bee zombie (D:7)
  A hound skeleton (D:4)
  5 adders
  7 gnolls
  2 white imps (D:7)
  An adder skeleton (D:4)
  3 dart slugs
  10 orcs
  8 ball pythons
  3 bats
  A bat zombie (D:1)
  7 endoplasms
  6 giant cockroaches
  9 goblins
  4 hobgoblins
  4 jackals (D:2)
  3 quokkas (D:1)
  A ball python zombie (D:1)
  5 frilled lizards
  7 kobolds
  6 rats
141 creatures vanquished.

Notes
Turn   | Place    | Note
-------+----------+-------------------------------------------
     0 | D:1      | Dittersdorf the Gargoyle Fighter began the quest for the
                  | Orb.
     0 | D:1      | Reached XP level 1. HP: 14/14 MP: 1/1
   119 | D:1      | Reached XP level 2. HP: 6/19 MP: 2/2
   608 | D:1      | Reached XP level 3. HP: 23/23 MP: 3/3
   863 | D:1      | Got Uthith's Disquisition on the Arsonist and Beguiling
  1370 | D:2      | You fall into a shaft and drop 1 floor!
  1508 | D:2      | Reached XP level 4. HP: 19/29 MP: 4/4
  1793 | D:2      | Found a runed translucent door.
  1794 | D:2      | Noticed Crazy Yiuf
  2143 | D:2      | Reached XP level 5. HP: 11/33 MP: 5/5
  2401 | D:2      | Noticed Terence
  2410 | D:2      | Killed Terence
  2765 | D:3      | Found a faded altar of an unknown god.
  3184 | D:4      | Noticed a water moccasin
  3184 | D:4      | Noticed an ogre
  3288 | D:4      | Killed an ogre
  3289 | D:4      | Reached XP level 6. HP: 37/40 MP: 6/6
  3320 | D:4      | Reached skill level 5 in Fighting
  3320 | D:4      | Reached skill level 5 in Armour
  3330 | D:4      | Killed a water moccasin
  3516 | D:4      | Reached XP level 7. HP: 30/44 MP: 7/7
  3706 | D:4      | Found a blossoming altar of Fedhas.
  3741 | D:4      | Found a staircase to the Ecumenical Temple.
  3751 | Temple   | Entered the Ecumenical Temple
  3858 | Temple   | Became a worshipper of Warmaster Okawaru
  4167 | D:5      | Entered Level 5 of the Dungeon
  4561 | D:5      | Noticed Ijyb
  4572 | D:5      | Killed Ijyb
  4718 | D:5      | Reached skill level 5 in Maces & Flails
  4869 | D:5      | Reached * piety under Okawaru
  4966 | D:5      | Reached XP level 8. HP: 52/52 MP: 8/8
  5636 | D:6      | Reached ** piety under Okawaru
  5803 | D:6      | Found Geiragh's Goods Gallery.
  6605 | D:7      | Noticed Harold
  6624 | D:7      | Killed Harold
  6624 | D:7      | Reached *** piety under Okawaru
  6625 | D:7      | Reached XP level 9. HP: 11/60 MP: 9/9
  7597 | D:7      | Noticed Joseph
  7619 | D:7      | Killed Joseph
  7619 | D:7      | Reached **** piety under Okawaru
  7994 | D:7      | Reached XP level 10. HP: 64/66 MP: 10/10
  8367 | D:8      | Reached skill level 5 in Shields
  8368 | D:8      | Noticed Erica
  8389 | D:8      | Collided with a rock wall

Illustrated notes

Levels and vault maps discovered:
D:1:      saegor_arrival_fortress, layout_basic, st_stairs_2,
          minmay_heptomino_l4
D:2:      layout_basic, uniq_terence, uniq_crazy_yiuf_cottage
D:3:      layout_rooms, ebering_ecumenical_altar_rust, serial_bayou_pond_e
D:4:      layout_rooms, mainiacjoe_overflow_alcove_2,
          minmay_temple_entry_crystal_x, corexii_leaking_fountain,
          serial_bayou_lake_a
D:5:      layout_gridville, uniq_ijyb
D:6:      layout_basic, nicolae_alphabet_shops
D:7:      layout_basic, uniq_joseph, uniq_harold
D:8:      layout_basic, uniq_pikel, uniq_erica
Temple:   roderic_octagonal_lattice_temple

Skill      XL: |  1  2  3  4  5  6  7  8  9 10 |
---------------+-------------------------------+-----
Fighting       | 4 5 6 8 9 |  9.3
Armour         | 4 5 6 8 9 |  9.3
Shields        | 4 5 |  5.1
Maces & Flails | 3 4 5 7 8 |  8.1

Action                   |  1- 3 |  4- 6 |  7- 9 | 10-12 || total
-------------------------+-------+-------+-------+-------++-------
Melee: Flail             |   132 |   151 |   362 |    37 ||   682
Throw: Dart              |       |       |     1 |       ||     1
  Use: Scroll            |       |    11 |     4 |       ||    15
       Potion            |       |       |       |     3 ||     3
Armor: Scale mail        |    54 |       |       |       ||    54
       Chain mail        |    62 |    91 |   239 |    26 ||   418
Dodge: Dodged            |    75 |    54 |   100 |     7 ||   236
Block: Buckler           |    37 |    34 |    62 |       ||   133
       Kite shield       |       |       |    21 |    14 ||    35

Table legend: (Time is in decaauts)
 A = Elapsed time spent in this place.
 B = Non-inter-level travel time spent in this place.
 C = Inter-level travel time spent in this place.
 D = Time resting spent in this place.
 E = Time spent auto-exploring this place.
 F = Levels seen in this place.
 G = Mean time per level.
                   A        B        C        D        E       F      G
               +--------+--------+--------+--------+--------+-----+--------+
         Total |   8544 |   8149 |    395 |   1819 |   4790 |   9 |  949.3 |
       Dungeon |   8415 |   8041 |    374 |   1819 |   4698 |   8 | 1051.9 |
        Temple |    129 |    108 |     21 |      0 |     92 |   1 |  129.0 |
               +--------+--------+--------+--------+--------+-----+--------+

Top non-repeatable levels by time:
     D:6: 1848 daAuts
     D:2: 1482 daAuts
     D:7: 1375 daAuts
     D:1: 1264 daAuts
     D:5: 977 daAuts
     D:4: 881 daAuts
     D:3: 527 daAuts
  Temple: 129 daAuts
     D:8: 58 daAuts
